 Dungeon Crawl Stone Soup version 0.28-a0-1234-g826d19b2e0 (webtiles) character file.

Game seed: 4960629939373806203

12105 dr0g0th the Basher (level 11, -18/83 HPs)
             Began as a Gargoyle Fighter on Dec 23, 2021.
             Was a High Priest of Okawaru.
             Killed from afar by a fire giant (46 damage)
             ... with a bolt of fire
             ... on level 11 of the Dungeon.
             The game lasted 00:17:09 (12587 turns).

dr0g0th the Basher (Gargoyle Fighter)              Turns: 12587, Time: 00:17:09

Health: -18/83     AC: 22    Str: 32 (33) XL:     11   Next: 88%
Magic:  11/11      EV: 16    Int:  9      God:    Okawaru [*****.]
Gold:   723        SH:  6    Dex: 16      Spells: 10/10 levels left

rFire   . . .      SeeInvis .   G - +6 flail of the Well-Known Friends {spect, *Noise rPois Str+5 Dex+3}
rCold   . . .      Faith    .   c - +0 buckler
rNeg    + . .      Spirit   .   b - +0 scale mail
rPois   ∞          Reflect  .   (no helmet)
rElec   +          Harm     .   j - +1 cloak
rCorr   .          Rampage  .   t - +1 pair of gloves
Will    .....                   z - +0 pair of boots "Tossoin" {Regen+}
Stlth   ++........              (no amulet)
HPRegen 1.03/turn               a - +6 ring of strength
MPRegen 0.12/turn               p - +4 ring of evasion

@: slowed, studying Fighting, very slow
A: sickness immunity, AC +8, negative energy resistance 1, electricity
resistance, torment resistance 1, petrification resistance, thin skeletal
structure 1, deterioration 1, robust 1, evolution 1, MP-powered wands
a: Renounce Religion, Heroism, Finesse, Duel


You were on level 11 of the Dungeon.
You worshipped Okawaru.
Okawaru was extremely pleased with you.
You visited 2 branches of the dungeon, and saw 12 of its levels.

You collected 723 gold pieces.

Inventory:

Hand Weapons
 e - the +11 flail "Qeepn" {vorpal, *Rage Will+ Dex+2}
   (You found it on level 11 of the Dungeon)

   It inflicts extra damage upon your enemies.
   Dex:       It affects your dexterity (+2).
   *Rage:     It berserks you when you make melee attacks (+20% chance).
   Will:      It increases your willpower.
 G - the +6 flail of the Well-Known Friends (weapon) {spect, *Noise rPois Str+5 Dex+3}
   (You found it on level 6 of the Dungeon)

   When its wielder attacks, the weapon's spirit leaps out and strikes again.
   The spirit shares a part of any damage it takes with its wielder.
   Str:       It affects your strength (+5).
   Dex:       It affects your dexterity (+3).
   rPois:     It protects you from poison.
   *Noise:    It may make noises in combat.
Missiles
 q - 6 throwing nets (quivered)
Armour
 b - a +0 scale mail (worn)
 c - a +0 buckler (worn)
 j - a +1 cloak (worn)
 t - a +1 pair of gloves (worn)
 z - the +0 pair of boots "Tossoin" (worn) {Regen+}
   (You found it on level 9 of the Dungeon)

   Regen:     It increases your rate of health regeneration.
Jewellery
 a - a +6 ring of strength (left hand)
 m - a ring of magical power
 o - a ring of wizardry
 p - a +4 ring of evasion (right hand)
 v - a ring of magical power
 x - a ring of fire
 I - a ring of wizardry
 O - a ring of resist corrosion
Wands
 k - a wand of paralysis (11)
 n - a wand of digging (11)
 s - a wand of acid (13)
 F - a wand of iceblast (10)
 K - a wand of flame (21)
 M - a wand of mindburst (13)
Scrolls
 g - a scroll of fog
 r - 8 scrolls of identify
 u - 2 scrolls of teleportation
 y - a scroll of magic mapping
 C - a scroll of blinking
 E - a scroll of enchant armour
 H - a scroll of amnesia
 J - a scroll of holy word
 N - 2 scrolls of fear
 Q - a scroll of brand weapon
Potions
 d - 4 potions of curing
 f - 3 potions of ambrosia
 h - a potion of magic
 i - 4 potions of might
 l - 4 potions of heal wounds
 w - 2 potions of brilliance
 A - 2 potions of invisibility
 B - 2 potions of flight
 D - 3 potions of lignification
 L - a potion of degeneration {unknown}
Miscellaneous
 P - a piece from Xom's chessboard (15/15)


   Skills:
 + Level 12.2 Fighting
 + Level 12.6 Maces & Flails
 + Level 9.7 Armour
 + Level 3.8 Dodging
 + Level 3.7 Stealth
 + Level 7.0 Shields


You had 10 spell levels left.
You didn't know any spells.
Your spell library contained the following spells:

 Spells                   Type           Power      Damage    Failure   Level
 Freeze                   Ice            0%         1d3       56%         1
 Ensorcelled Hibernation  Hex/Ice        0%         N/A       71%         2
 Frozen Ramparts          Ice            0%         1d2       91%         3
 Spider Form              Tmut/Pois      0%         N/A       91%         3
 Stone Arrow              Conj/Erth      0%         3d7       91%         3
 Hailstorm                Conj/Ice       0%         3d3       100%        4
 Lehudib's Crystal Spear  Conj/Erth      0%         10d2      100%        8
 Animate Armour           Summ/Erth      Unusable   N/A       N/A         4

Dungeon Overview and Level Annotations

Branches:
Dungeon (11/15)            Temple (1/1) D:5            Lair (0/6) D:10
    Orc (0/2) D:10

Altars:
Ashenzari
Cheibriados
Dithmenos
Elyvilon
Fedhas
Gozag
Hepliaklqana
Kikubaaqudgha
Makhleb
Nemelex Xobeh
Okawaru
Qazlal
Ru
Sif Muna
Trog
Uskayaw
Vehumet
Wu Jian
Xom
Yredelemnul
Zin
The Shining One
Beogh

Shops:
D:5 ([:   D:10 =


Innate Abilities, Weirdness & Mutations

You are immune to sickness and miasma.
Your stone body is resilient. (AC +8)
You are immune to poison.
You resist negative energy. (rN+)
You are resistant to electric shocks. (rElec)
You are resistant to unholy torment.
You are immune to petrification.
You have a somewhat thin skeletal structure. (Dex +2, Stealth+)
Your body sometimes deteriorates upon taking damage.
You are robust. (+10% HP)
You have hidden genetic potential.
You expend magic power (3 MP) to strengthen your wands.


Message History

The sphinx is heavily wounded.
The sphinx hits you! The sphinx hits you but does no damage.
The sphinx hits you.
You sock the sphinx!
The sphinx is severely wounded.
The sphinx hits you but does no damage. The sphinx completely misses you.
The sphinx misses you.
You bludgeon the sphinx!!
The sphinx is almost dead.
The sphinx casts a spell.
You feel yourself slow down.
You thump the sphinx!
The sphinx is almost dead.
The sphinx hits you! You block the sphinx's attack. The sphinx hits you.
You are too injured to fight recklessly!
You are too injured to fight recklessly!
You feel better. The sphinx hits you. The sphinx misses you.
The sphinx hits you but does no damage.
The sphinx casts a spell.
You suddenly lose the ability to move!
The sphinx hits you but does no damage. x3
The sphinx casts a spell.
You are confused.
The sphinx hits you. The sphinx hits you but does no damage.
The sphinx hits you.
You can move again.
You feel better.
The sphinx casts a spell.
You barely resist.
The sphinx mumbles some strange words.
You barely resist. You thump the sphinx!
You kill the sphinx!
Okawaru is honoured by your kill.
The fire giant points at you and mumbles some strange words.
The bolt of fire hits you!!
Your body deteriorates!
You feel weakened. The bolt of fire hits you!!!
Ouch! That really hurt!
You die...

#........(...........
#....................
#..........))........
#..................###
#..............#####)##
##.............##.##.#.#
...............#.##D#.#.#
.........#####.##)C##.#
.........#...#.#@##.#
.........#...#.#..##
.......[.#...'.###.#####.#
.........#####...)........
..#####................###
..# #.............#### ..#
#########.....# ..#
#.....# ..# #.....#


You could see a fire giant and a six-headed hydra.

Vanquished Creatures
  A sphinx (D:11)
  A frost giant (D:11)
  A two-headed ogre (D:10)
  The ghost of SensoryNuts the Carver, a novice DsFi of Gozag (D:9)
  A deep elf pyromancer (D:11)
  An ugly thing (D:11)
  A cyclops (D:11)
  A gargoyle (D:10)
  2 komodo dragons (D:10)
  3 hornets
  Grinder (D:4)
  Sigmund (D:6)
  2 shadows
  10 yaks
  2 wyverns (D:10)
  A wraith (D:10)
  2 steam dragons (D:10)
  A basilisk (D:10)
  A warg (D:9)
  2 water moccasins
  2 hornet zombies (D:7)
  A sky beast (D:6)
  7 orc warriors
  3 necrophages
  3 ogres
  A black bear (D:7)
  3 centaurs
  2 phantoms
  2 bullfrogs
  5 gnoll sergeants
  A water moccasin zombie (D:7)
  A wyvern skeleton (D:7)
  4 wights (D:8)
  An electric eel (D:10)
  2 howler monkeys
  4 hounds (D:5)
  6 orc priests
  A bullfrog skeleton (D:3)
  Crazy Yiuf (D:2)
  A jelly (D:6)
  4 gnoll shamans
  8 orc wizards
  Natasha (thrice) (D:3)
  6 iguanas
  A killer bee zombie (D:6)
  9 adders
  41 gnolls
  An ufetubus (D:7)
  2 worms (D:2)
  29 orcs
  6 endoplasms
  4 giant cockroaches
  4 goblins
  7 hobgoblins
  10 jackals
  5 quokkas
  6 ball pythons
  6 bats
  3 frilled lizards
  8 kobolds
  8 rats
258 creatures vanquished.

Vanquished Creatures (others)
  A plant (D:3)
1 creature vanquished.

Grand Total: 259 creatures vanquished

Notes
Turn   | Place    | Note
-------+----------+-------------------------------------------
     0 | D:1      | dr0g0th the Gargoyle Fighter began the quest for the Orb.
     0 | D:1      | Reached XP level 1. HP: 14/14 MP: 1/1
   154 | D:1      | Reached XP level 2. HP: 18/19 MP: 2/2
   508 | D:1      | Found a faded altar of an unknown god.
   607 | D:2      | Identified a scroll of acquirement
   608 | D:2      | Acquired a manual of Fighting
   778 | D:2      | Reached XP level 3. HP: 24/24 MP: 3/3
  1040 | D:2      | Reached XP level 4. HP: 8/29 MP: 4/4
  1678 | D:2      | Found a runed translucent door.
  1679 | D:2      | Noticed Crazy Yiuf
  2121 | D:2      | Killed Crazy Yiuf
  2317 | D:3      | Noticed Natasha
  2378 | D:2      | Reached XP level 5. HP: 33/34 MP: 5/5
  2404 | D:3      | Killed Natasha
  2471 | D:3      | Noticed Natasha
  2473 | D:3      | Noticed a phantom
  2482 | D:3      | Killed Natasha
  2483 | D:3      | Reached skill level 1 in Dodging
  2519 | D:3      | Killed a phantom
  2520 | D:3      | Reached XP level 6. HP: 9/39 MP: 6/6
  2834 | D:3      | Noticed Natasha
  2841 | D:3      | Killed Natasha
  2958 | D:3      | Found a glowing golden altar of the Shining One.
  3716 | D:4      | Reached skill level 5 in Armour
  3716 | D:4      | Reached XP level 7. HP: 26/44 MP: 7/7
  3750 | D:4      | Reached skill level 5 in Fighting
  3988 | D:4      | Noticed Grinder
  3988 | D:4      | Paralysed by Grinder for 4 turns
  3994 | D:4      | Paralysed by Grinder for 4 turns
  4002 | D:4      | Paralysed by Grinder for 4 turns
  4012 | D:4      | Paralysed by Grinder for 2 turns
  4023 | D:4      | Paralysed by Grinder for 6 turns
  4030 | D:4      | Paralysed by Grinder for 5 turns
  4038 | D:4      | Paralysed by Grinder for 7 turns
  4050 | D:4      | Killed Grinder
  4051 | D:4      | Reached skill level 5 in Maces & Flails
  4826 | D:5      | Entered Level 5 of the Dungeon
  4986 | D:5      | Reached XP level 8. HP: 51/51 MP: 8/8
  5299 | D:5      | Found a glowing silver altar of Zin.
  5339 | D:5      | Found Godoexapp's Weapon Shoppe.
  5519 | D:5      | Found Pife Witaux's Armour Emporium.
  5937 | D:5      | Found a staircase to the Ecumenical Temple.
  5972 | Temple   | Entered the Ecumenical Temple
  6080 | Temple   | Became a worshipper of Warmaster Okawaru
  6186 | D:5      | Identified the +0 robe of Action {rElec rPois rF- Int+3}
  6190 | D:5      | Found Kaituhaf's Book Shoppe.
  6498 | D:5      | Reached skill level 5 in Shields
  6807 | D:5      | Reached skill level 1 in Stealth
  6832 | D:5      | Reached XP level 9. HP: 55/57 MP: 9/9
  7285 | D:6      | Noticed Sigmund
  7296 | D:6      | Reached * piety under Okawaru
  7323 | D:6      | Killed Sigmund
  7536 | D:6      | Identified the +6 flail of the Well-Known Friends {spect,
                  | *Noise rPois Str+5 Dex+3}
  8189 | D:7      | Reached ** piety under Okawaru
  8276 | D:7      | Noticed a hornet
  8282 | D:7      | Killed a hornet
  8522 | D:7      | Reached XP level 10. HP: 64/64 MP: 10/10
  9396 | D:8      | Reached *** piety under Okawaru
  9482 | D:8      | Reached skill level 10 in Maces & Flails
  9754 | D:8      | Reached skill level 10 in Fighting
 10310 | D:9      | Gained mutation: You expend magic power (3 MP) to
                  | strengthen your wands. [potion of mutation]
 10310 | D:9      | Gained mutation: You have hidden genetic potential. [potion
                  | of mutation]
 10310 | D:9      | Gained mutation: You have a pair of small antennae on your
                  | head. [potion of mutation]
 10310 | D:9      | Gained mutation: Your mind is acute. (Int +2) [potion of
                  | mutation]
 10311 | D:9      | Lost mutation: You have a pair of small antennae on your
                  | head. [potion of mutation]
 10311 | D:9      | Lost mutation: Your mind is acute. (Int +2) [potion of
                  | mutation]
 10311 | D:9      | Gained mutation: Your body sometimes deteriorates upon
                  | taking damage. [potion of mutation]
 10311 | D:9      | Gained mutation: You have a somewhat thin skeletal
                  | structure. (Dex +2, Stealth+) [potion of mutation]
 10935 | D:9      | Found a runed translucent gate.
 10935 | D:9      | Noticed SensoryNuts's ghost (novice DsFi)
 10936 | D:9      | Identified the +2 chain mail "Jeevav" {SInv}
 10937 | D:9      | Found a runed translucent gate.
 10938 | D:9      | Found a runed translucent gate.
 11300 | D:9      | Reached **** piety under Okawaru
 11310 | D:9      | Killed SensoryNuts's ghost
 11320 | D:9      | Reached XP level 11. HP: 45/73 MP: 11/11
 11439 | D:9      | Identified the +0 pair of boots "Tossoin" {Regen+}
 11497 | D:10     | Entered Level 10 of the Dungeon
 11700 | D:10     | Found Anarhell's Jewellery Shoppe.
 11734 | D:10     | Found a staircase to the Orcish Mines.
 12039 | D:10     | Noticed a two-headed ogre
 12044 | D:10     | Killed a two-headed ogre
 12044 | D:10     | Reached ***** piety under Okawaru
 12049 | D:10     | Gained mutation: You are robust. (+10% HP) [hidden
                  | potential]
 12174 | D:10     | Found a staircase to the Lair.
 12178 | D:10     | Received a gift from Okawaru
 12466 | D:11     | Noticed a cyclops
 12468 | D:11     | Noticed a red ugly thing
 12474 | D:11     | Killed a cyclops
 12479 | D:11     | Killed a red ugly thing
 12497 | D:11     | Identified the +11 flail "Qeepn" {vorpal, *Rage Will+
                  | Dex+2}
 12535 | D:11     | Noticed a deep elf pyromancer
 12539 | D:11     | Killed a deep elf pyromancer
 12556 | D:11     | Noticed a sphinx
 12556 | D:11     | Noticed a frost giant
 12564 | D:11     | Noticed a fire giant
 12568 | D:11     | Killed a frost giant
 12575 | D:11     | Noticed a six-headed hydra
 12582 | D:11     | Paralysed by a sphinx for 4 turns
 12587 | D:11     | Killed a sphinx
 12587 | D:11     | Killed from afar by a fire giant

Illustrated notes

Levels and vault maps discovered:
D:1:      erik_arrival_blinker_ship, layout_rooms,
          shapermc_ecumenical_altar_acropolis, wad_floor_pattern_1,
          minmay_misc_feat_x
D:2:      minmay_recursive_quarters, layout_basic, uniq_crazy_yiuf_cottage
D:3:      layout_basic, nicolae_tso_carved_into_rock, roderic_cross_of_infinity,
          corner_web_ring, hangedman_glass_garden, uniq_natasha
D:4:      layout_loops_ring, minmay_stone_trees_small, uniq_grinder
D:5:      layout_cave_pools, lemuel_coloured_pillars_altar,
          minmay_temple_entry_slanted, serial_shops, shop, shop_fountains,
          nicolae_shop_bloodbath_and_beyond, serial_gnoll_camp,
          gnoll_camp_mini_hut, gnoll_camp_medium_02, gnoll_camp_mini_sergeant,
          gnoll_camp_huts_moat
D:6:      layout_basic, uniq_sigmund
D:7:      layout_cave_pods, minmay_chambers_of_fives
D:8:      layout_loops_cross, nicolae_concentric_dashed_squares_mild
D:9:      layout_basic, biasface_ghost_orc_armoury
D:10:     layout_roguey, erik_lair_dragon, orc_0_dummy, serial_shops,
          nicolae_inconvenience_store
D:11:     minmay_glassy_protrusions, layout_irregular_city,
          ebering_ghost_disaster_area, vehumet_statue
Temple:   regret_index_temple_chain_breaker

Skill      XL: |  1  2  3  4  5  6  7  8  9 10 11 |
---------------+----------------------------------+-----
Fighting       | 4 6 7 8 10 12 | 12.2
Maces & Flails | 3 4 5 7 9 11 12 | 12.6
Armour         | 4 5 6 7 9 |  9.7
Dodging        | 1 2 3 |  3.8
Shields        | 4 5 6 7 |  7.0
Stealth        | 1 2 3 |  3.7

Action                   |  1- 3 |  4- 6 |  7- 9 | 10-12 || total
-------------------------+-------+-------+-------+-------++-------
Melee: Flail             |   119 |   205 |   394 |   224 ||   942
  Use: Scroll            |     3 |       |    11 |    13 ||    27
       Potion            |     1 |       |     2 |     6 ||     9
 Stab: Sleeping          |       |       |       |     1 ||     1
Armor: Scale mail        |    81 |   138 |   248 |    75 ||   542
Dodge: Dodged            |    98 |   127 |   220 |   104 ||   549
Block: Buckler           |    36 |    51 |    81 |    47 ||   215

Table legend: (Time is in decaauts)
 A = Elapsed time spent in this place.
 B = Non-inter-level travel time spent in this place.
 C = Inter-level travel time spent in this place.
 D = Time resting spent in this place.
 E = Time spent auto-exploring this place.
 F = Levels seen in this place.
 G = Mean time per level.
                   A        B        C        D        E       F      G
               +--------+--------+--------+--------+--------+-----+--------+
         Total |  12686 |  12187 |    499 |   1824 |   8173 |  12 | 1057.2 |
       Dungeon |  12557 |  12078 |    479 |   1824 |   8086 |  11 | 1141.5 |
        Temple |    128 |    108 |     20 |      0 |     87 |   1 |  128.0 |
               +--------+--------+--------+--------+--------+-----+--------+

Top non-repeatable levels by time:
     D:5: 2190 daAuts
     D:2: 1837 daAuts
     D:9: 1304 daAuts
     D:4: 1278 daAuts
     D:8: 1254 daAuts
     D:3: 1205 daAuts
     D:6: 1002 daAuts
    D:10: 854 daAuts
     D:7: 793 daAuts
     D:1: 619 daAuts
    D:11: 216 daAuts
  Temple: 128 daAuts
